SAAA
SYRACUSE STARKS @ PAWNEE PARKSNREC
08/24/2038
 
TOP OF THE 1ST
Syracuse Starks batting - Pitching for Pawnee ParksNRec : RHP Hengkie Iriawan
Pitching: RHP Hengkie Iriawan
Batting: SHB Soren Loen 0-0: Foul Ball, location: 2F
0-1: SINGLE (Groundball, 4M, EV 85.0 MPH) (infield hit)
Batting: RHB Graeme Dormer 0-0: Foul Ball, location: 2F
0-1: Ball
1-1: Foul Ball, location: 2F
1-2: Strikes out looking
Soren Loen is caught stealing 2nd base 2-4
Batter strikes out.
Batting: RHB Thom Beach 0-0: Foul Ball, location: 2F
0-1: Fly out, F7 (Flyball, 7S, EV 93.1 MPH)
Top of the 1st over - 0 runs, 1 hit, 0 errors, 0 left on base; Syracuse 0 - Pawnee 0
BOTTOM OF THE 1ST
Pawnee ParksNRec batting - Pitching for Syracuse Starks : LHP Ollie McDaniell
Pitching: LHP Ollie McDaniell
Batting: LHB Vance Corkum 0-0: SINGLE (Groundball, 34, EV 96.9 MPH)
Batting: RHB Josh Mawdesley 0-0: Called Strike
0-1: Ball
1-1: SINGLE (Flyball, 9S, EV 89.4 MPH)
Vance Corkum to second
Runner from 2nd tries for 3rd, SAFE, throw by RF made to third
Batting: RHB Francisco Alhama 0-0: Called Strike
0-1: Swinging Strike
0-2: Ball
1-2: Strikes out swinging
Batting: RHB Chip Mullaney 0-0: Ball
1-0: Ball
2-0: Fly out, F8 (Line Drive, 8LM, EV 86.9 MPH)
Runner from 3rd tags up, SCORES, throw by CF
Batting: RHB Layton Arntsen 0-0: Ball
1-0: SINGLE (Groundball, 34D, EV 103.1 MPH)
Josh Mawdesley to second
Runner from 2nd tries for 3rd, SAFE, throw by RF made to third
Batting: RHB Robin Colwill 0-0: Ball
1-0: Called Strike
1-1: Foul Ball, location: 2F
1-2: Ball
2-2: Strikes out swinging
Bottom of the 1st over - 1 run, 3 hits, 0 errors, 2 left on base; Syracuse 0 - Pawnee 1
TOP OF THE 2ND
Syracuse Starks batting - Pitching for Pawnee ParksNRec : RHP Hengkie Iriawan
Batting: RHB Enrique Rocha 0-0: Called Strike
0-1: Foul Ball, location: 2F
0-2: Ball
1-2: Foul Ball, location: 2F
1-2: Ground out U3 (Groundball, 3, EV 103.8 MPH)
Batting: LHB António Boccanegra 0-0: Swinging Strike
0-1: Swinging Strike
0-2: Ball
1-2: Foul Ball, location: 2F
1-2: Ball
2-2: Strikes out swinging
Batting: RHB Akke Derksen 0-0: Called Strike
0-1: Ball
1-1: Ball
2-1: Called Strike
2-2: Foul Ball, location: 2F
2-2: Strikes out swinging
Top of the 2nd over - 0 runs, 0 hits, 0 errors, 0 left on base; Syracuse 0 - Pawnee 1
BOTTOM OF THE 2ND
Pawnee ParksNRec batting - Pitching for Syracuse Starks : LHP Ollie McDaniell
Batting: RHB Fletcher Megarity 0-0: Called Strike
0-1: Ball
1-1: Swinging Strike
1-2: Ball
2-2: Reached on error, E4 (Groundball, 4, EV 85.6 MPH)
Batting: LHB Silas Givens 0-0: Ball
1-0: Swinging Strike
1-1: Ball
2-1: DOUBLE (Groundball, 3L, EV 100.0 MPH)
Fletcher Megarity to third
Batting: RHB Gilberto Ramírez 0-0: Ball
1-0: Ball
2-0: Fly out, F8 (Flyball, 78M, EV 90.6 MPH)
Runner from 3rd tags up, SCORES, throw by CF
Batting: LHB Vance Corkum 0-0: Foul Ball, location: 2F
0-1: SINGLE (Groundball, 6MD, EV 98.1 MPH)
Silas Givens to third
Batting: RHB Josh Mawdesley 0-0: Called Strike
0-1: Called Strike
0-2: Ball
1-2: Foul Ball, location: 2F
1-2: Fly out, F8 (Flyball, 89D, EV 89.4 MPH)
Runner from 3rd tags up, OUT at HOME! 8-2
Bottom of the 2nd over - 1 run, 2 hits, 1 error, 1 left on base; Syracuse 0 - Pawnee 2
TOP OF THE 3RD
Syracuse Starks batting - Pitching for Pawnee ParksNRec : RHP Hengkie Iriawan
Batting: RHB Damon Newbold 0-0: SINGLE (Flyball, 9S, EV 87.5 MPH)
Batting: RHB Enrico Sánchez 0-0: Ball
1-0: Called Strike
1-1: Ball
2-1: Swinging Strike
2-2: Foul Ball, location: 2F
2-2: Ball
3-2: Base on Balls
Damon Newbold to second
Batting: LHB Tyler Knopp 0-0: Foul Ball, location: 2F
0-1: Swinging Strike
0-2: Ball
1-2: Hit by Pitch
Damon Newbold to third
Enrico Sánchez to second
Batting: SHB Soren Loen 0-0: Ball
1-0: Swinging Strike
1-1: Foul Ball, location: 2F
1-2: Ball
2-2: Foul Ball, location: 2F
2-2: Strikes out swinging
Batting: RHB Graeme Dormer 0-0: Ball
1-0: Foul Ball, location: 2F
1-1: Foul Ball, location: 2F
1-2: Ball
2-2: Ball
3-2: Fly out, F9 (Flyball, 89D, EV 91.2 MPH)
Runner from 3rd tags up, SCORES, throw by RF
Enrico Sánchez to third
Batting: RHB Thom Beach 0-0: Foul Ball, location: 2F
0-1: Swinging Strike
0-2: DOUBLE (Flyball, 8RXD, EV 91.9 MPH)
Enrico Sánchez scores
Tyler Knopp to third
Runner from 3rd tries for Home, SAFE, throw by CF to trailing runner, SAFE at third!
Batting: RHB Enrique Rocha 0-0: Called Strike
0-1: Fly out, F8 (Line Drive, 8RM, EV 97.5 MPH)
Top of the 3rd over - 3 runs, 2 hits, 0 errors, 1 left on base; Syracuse 3 - Pawnee 2
BOTTOM OF THE 3RD
Pawnee ParksNRec batting - Pitching for Syracuse Starks : LHP Ollie McDaniell
Batting: RHB Francisco Alhama 0-0: Ball
1-0: Called Strike
1-1: Ball
2-1: Ball
3-1: Swinging Strike
3-2: Strikes out swinging
Batting: RHB Chip Mullaney 0-0: Ball
1-0: Ground out 6-3 (Groundball, 56, EV 102.5 MPH)
Batting: RHB Layton Arntsen 0-0: Ball
1-0: Foul Ball, location: 2F
1-1: Foul Ball, location: 2F
1-2: Fly out, F8 (Flyball, 89M, EV 93.8 MPH)
Bottom of the 3rd over - 0 runs, 0 hits, 0 errors, 0 left on base; Syracuse 3 - Pawnee 2
TOP OF THE 4TH
Syracuse Starks batting - Pitching for Pawnee ParksNRec : RHP Hengkie Iriawan
Batting: LHB António Boccanegra 0-0: Swinging Strike
0-1: Foul Ball, location: 2F
0-2: Ball
1-2: SINGLE (Groundball, 6MD, EV 100.0 MPH)
Batting: RHB Akke Derksen 0-0: Ball
1-0: Fly out, F9 (Flyball, 9S, EV 83.1 MPH)
Batting: RHB Damon Newbold 0-0: Ball
1-0: Swinging Strike
1-1: Called Strike
1-2: Ball
2-2: Fielders Choice at 2nd, 3-6 (Groundball, 34S, EV 86.9 MPH)
Batting: RHB Enrico Sánchez 0-0: Ball
1-0: Ball
2-0: SINGLE (Groundball, 56D, EV 100.0 MPH)
Damon Newbold to second
Batting: LHB Tyler Knopp 0-0: Ball
1-0: Fly out, F7 (Line Drive, 7, EV 94.4 MPH)
Top of the 4th over - 0 runs, 2 hits, 0 errors, 2 left on base; Syracuse 3 - Pawnee 2
BOTTOM OF THE 4TH
Pawnee ParksNRec batting - Pitching for Syracuse Starks : LHP Ollie McDaniell
Batting: RHB Robin Colwill 0-0: Ball
1-0: Foul Ball, location: 2F
1-1: Ground out 6-3 (Groundball, 56, EV 92.5 MPH)
Batting: RHB Fletcher Megarity 0-0: Ball
1-0: Swinging Strike
1-1: Ball
2-1: Ball
3-1: Base on Balls
Batting: LHB Silas Givens 0-0: Called Strike
0-1: Called Strike
0-2: Strikes out looking
Batting: RHB Gilberto Ramírez 0-0: Called Strike
0-1: Foul Ball, location: 2F
0-2: Strikes out swinging
Bottom of the 4th over - 0 runs, 0 hits, 0 errors, 1 left on base; Syracuse 3 - Pawnee 2
TOP OF THE 5TH
Syracuse Starks batting - Pitching for Pawnee ParksNRec : RHP Hengkie Iriawan
Batting: SHB Soren Loen 0-0: Ball
1-0: Fly out, F8 (Line Drive, 8RD, EV 90.0 MPH)
Batting: RHB Graeme Dormer 0-0: Called Strike
0-1: Ball
1-1: Called Strike
1-2: Ball
2-2: Ball
3-2: Strikes out swinging
Batting: RHB Thom Beach 0-0: SOLO HOME RUN (Flyball, 7D, EV 106.9 MPH), Distance : 370 ft
Batting: RHB Enrique Rocha 0-0: Fly out, F8 (Flyball, 8RD, EV 83.8 MPH)
Top of the 5th over - 1 run, 1 hit, 0 errors, 0 left on base; Syracuse 4 - Pawnee 2
BOTTOM OF THE 5TH
Pawnee ParksNRec batting - Pitching for Syracuse Starks : LHP Ollie McDaniell
Batting: LHB Vance Corkum 0-0: Ball
1-0: Ball
2-0: Called Strike
2-1: Foul Ball, location: 2F
2-2: Foul Ball, location: 2F
2-2: SINGLE (Groundball, 23, EV 66.2 MPH) (infield hit)
Batting: RHB Josh Mawdesley 0-0: Ball
1-0: Bunted foul
1-1: Sac Bunt to 13S - play at first, batter OUT! 1-4
Vance Corkum to second
Batting: RHB Francisco Alhama 0-0: Called Strike
0-1: Fly out, F9 (Line Drive, 9, EV 97.5 MPH)
Batting: RHB Chip Mullaney 0-0: Ground out 5-3 (Groundball, 56S, EV 80.6 MPH)
Bottom of the 5th over - 0 runs, 1 hit, 0 errors, 1 left on base; Syracuse 4 - Pawnee 2
TOP OF THE 6TH
Syracuse Starks batting - Pitching for Pawnee ParksNRec : RHP Hengkie Iriawan
Batting: LHB António Boccanegra 0-0: SINGLE (Line Drive, 6D, EV 101.2 MPH)
Batting: RHB Akke Derksen 0-0: Ball
1-0: Fly out, F6 (Popup, 56, EV 70.0 MPH)
Batting: RHB Damon Newbold 0-0: Grounds into double play, 5-4-3 (Groundball, 56, EV 105.6 MPH)
Top of the 6th over - 0 runs, 1 hit, 0 errors, 0 left on base; Syracuse 4 - Pawnee 2
BOTTOM OF THE 6TH
Pawnee ParksNRec batting - Pitching for Syracuse Starks : LHP Ollie McDaniell
Batting: RHB Layton Arntsen 0-0: Ball
1-0: Ball
2-0: Ball
3-0: Base on Balls
Batting: RHB Robin Colwill 0-0: Foul Ball, location: 2F
0-1: Fly out, F8 (Flyball, 89XD, EV 94.4 MPH)
Batting: RHB Fletcher Megarity 0-0: Fielders Choice at 2nd, 5-4 (Groundball, 56, EV 91.9 MPH)
Batting: LHB Silas Givens 0-0: Called Strike
0-1: Hit by Pitch
Fletcher Megarity to second
Batting: RHB Gilberto Ramírez 0-0: Ball
1-0: Ball
2-0: Ball
3-0: Called Strike
3-1: SINGLE (Groundball, 56D, EV 102.5 MPH)
Fletcher Megarity to third
Silas Givens to second
Runner from 3rd tries for Home, SAFE, no throw by LF
Batting: LHB Vance Corkum 0-0: Ball
1-0: Ground out 4-3 (Groundball, 34, EV 86.2 MPH)
Bottom of the 6th over - 1 run, 1 hit, 0 errors, 2 left on base; Syracuse 4 - Pawnee 3
TOP OF THE 7TH
Syracuse Starks batting - Pitching for Pawnee ParksNRec : RHP Hengkie Iriawan
Batting: RHB Enrico Sánchez 0-0: Called Strike
0-1: Ball
1-1: Swinging Strike
1-2: Strikes out swinging
Batting: LHB Tyler Knopp 0-0: Ground out U3 (Groundball, 3, EV 86.2 MPH)
Batting: SHB Soren Loen 0-0: Ball
1-0: Ball
2-0: Called Strike
2-1: Ball
3-1: Foul Ball, location: 2F
3-2: Base on Balls
Batting: RHB Graeme Dormer 0-0: Ball
1-0: Ball
2-0: Swinging Strike
2-1: Foul Ball, location: 2F
2-2: Strikes out swinging
Top of the 7th over - 0 runs, 0 hits, 0 errors, 1 left on base; Syracuse 4 - Pawnee 3
BOTTOM OF THE 7TH
Pawnee ParksNRec batting - Pitching for Syracuse Starks : LHP Ollie McDaniell
Batting: RHB Josh Mawdesley 0-0: Ball
1-0: Called Strike
1-1: Ball
2-1: Ball
3-1: Base on Balls
Batting: RHB Francisco Alhama 0-0: Ball
1-0: Ball
Wild Pitch!
Josh Mawdesley to second
2-0: Foul Ball, location: 2F
2-1: Foul Ball, location: 2F
2-2: Foul Ball, location: 2F
2-2: Foul Ball, location: 2F
2-2: Foul Ball, location: 2F
2-2: Ball
3-2: Foul Ball, location: 2F
3-2: Ground out 4-3 (Groundball, 4M, EV 84.4 MPH)
Josh Mawdesley to third
Pitching: RHP Garrett Harrington
Batting: RHB Chip Mullaney 0-0: DOUBLE (Line Drive, 7LS, EV 102.5 MPH)
Josh Mawdesley scores
Batting: RHB Layton Arntsen 0-0: Foul Ball, location: 2F
0-1: Ball
1-1: Ground out 5-3 (Groundball, 56, EV 86.2 MPH)
Batting: RHB Robin Colwill 0-0: Called Strike
0-1: Foul Ball, location: 2F
0-2: Foul Ball, location: 2F
0-2: Fly out, F8 (Flyball, 8RXD, EV 88.8 MPH)
Bottom of the 7th over - 1 run, 1 hit, 0 errors, 1 left on base; Syracuse 4 - Pawnee 4
TOP OF THE 8TH
Syracuse Starks batting - Pitching for Pawnee ParksNRec : RHP Hengkie Iriawan
Batting: RHB Thom Beach 0-0: Ball
1-0: Fly out, F7 (Line Drive, 7D, EV 98.1 MPH)
Batting: RHB Enrique Rocha 0-0: Called Strike
0-1: Ground out 4-3 (Groundball, 4, EV 87.5 MPH)
Batting: LHB António Boccanegra 0-0: Called Strike
0-1: Ball
1-1: Fly out, F8 (Flyball, 8RXD, EV 95.6 MPH)
Top of the 8th over - 0 runs, 0 hits, 0 errors, 0 left on base; Syracuse 4 - Pawnee 4
BOTTOM OF THE 8TH
Pawnee ParksNRec batting - Pitching for Syracuse Starks : RHP Garrett Harrington
Batting: RHB Fletcher Megarity 0-0: Ground out 6-3 (Groundball, 56, EV 100.6 MPH)
Batting: LHB Silas Givens 0-0: Called Strike
0-1: Foul Ball, location: 2F
0-2: Ball
1-2: Strikes out swinging, 2-3 out at first.
Batting: RHB Gilberto Ramírez 0-0: Foul Ball, location: 2F
0-1: Foul Ball, location: 2F
0-2: Ball
1-2: Ball
2-2: Ball
3-2: SINGLE (Flyball, 8LS, EV 93.8 MPH)
Batting: LHB Vance Corkum 0-0: Ball
1-0: Fly out, F5 (Popup, 56, EV 68.1 MPH)
Bottom of the 8th over - 0 runs, 1 hit, 0 errors, 1 left on base; Syracuse 4 - Pawnee 4
TOP OF THE 9TH
Syracuse Starks batting - Pitching for Pawnee ParksNRec : RHP Hengkie Iriawan
Pitching: RHP Milton Mathews
Batting: RHB Akke Derksen 0-0: Foul Ball, location: 2F
0-1: Foul Ball, location: 2F
0-2: Ball
1-2: Strikes out looking
Pinch Hitting: LHB Gary Malone 0-0: Called Strike
0-1: Ball
1-1: Swinging Strike
1-2: Foul Ball, location: 2F
1-2: Ball
2-2: Strikes out swinging
Batting: RHB Enrico Sánchez 0-0: Ball
1-0: Ground out 4-3 (Groundball, 4MS, EV 89.4 MPH)
Top of the 9th over - 0 runs, 0 hits, 0 errors, 0 left on base; Syracuse 4 - Pawnee 4
BOTTOM OF THE 9TH
Pawnee ParksNRec batting - Pitching for Syracuse Starks : RHP Garrett Harrington
Pitching: RHP Geunhye Kyoung
Now at 1B: Gary Malone
Batting: RHB Josh Mawdesley 0-0: Called Strike
0-1: Ground out 6-3 (Groundball, 6, EV 95.0 MPH)
Pinch Hitting: LHB Tom Washington 0-0: Ball
1-0: Foul Ball, location: 2F
1-1: Foul Ball, location: 2F
1-2: Ball
2-2: Foul Ball, location: 2F
2-2: Strikes out swinging
Batting: RHB Chip Mullaney 0-0: Called Strike
0-1: Fly out, F7 (Flyball, 78D, EV 83.1 MPH)
Bottom of the 9th over - 0 runs, 0 hits, 0 errors, 0 left on base; Syracuse 4 - Pawnee 4
TOP OF THE 10TH
Syracuse Starks batting - Pitching for Pawnee ParksNRec : RHP Milton Mathews
Now at SS: Bill Perkins
Pinch Hitting: LHB Gilberto Jiménez 0-0: Called Strike
0-1: Ball
1-1: Foul Ball, location: 2F
1-2: Foul Ball, location: 2F
1-2: Ball
2-2: Reached via error on a dropped throw from 2B, E3 (Groundball, 4D, EV 101.9 MPH)
Batting: SHB Soren Loen 0-0: Ball
1-0: Swinging Strike
1-1: Called Strike
1-2: Foul Ball, location: 2F
1-2: Ball
2-2: Ball
3-2: Foul Ball, location: 2F
3-2: Base on Balls
Gilberto Jiménez to second
Batting: RHB Graeme Dormer 0-0: Sac Bunt to 5S - play at first, batter OUT! 5-4
Gilberto Jiménez to third
Soren Loen to second
Batting: RHB Thom Beach 0-0: Ball
1-0: Ball
2-0: Ball
3-0: Base on Balls
Batting: RHB Enrique Rocha 0-0: Foul Ball, location: 2F
0-1: Ball
1-1: Foul Ball, location: 2F
1-2: Ball
2-2: Foul Ball, location: 2F
2-2: Strikes out swinging
Batting: LHB António Boccanegra 0-0: Ball
1-0: Called Strike
1-1: Called Strike
1-2: Foul Ball, location: 2F
1-2: Strikes out swinging
Top of the 10th over - 0 runs, 0 hits, 1 error, 3 left on base; Syracuse 4 - Pawnee 4
BOTTOM OF THE 10TH
Pawnee ParksNRec batting - Pitching for Syracuse Starks : RHP Geunhye Kyoung
Now at 3B: Lu Tsai
Batting: RHB Layton Arntsen 0-0: SINGLE (Line Drive, 78S, EV 111.2 MPH)
Batting: RHB Robin Colwill 0-0: Sac Bunt to 25 - play at first, batter OUT! 5-4
Layton Arntsen to second
Batting: RHB Fletcher Megarity 0-0: Ball
1-0: Ball
2-0: Called Strike
2-1: Called Strike
2-2: Strikes out swinging
Batting: LHB Silas Givens 0-0: Intentional Walk
Pinch Runner at 2nd Dale Clark:
Batting: RHB Gilberto Ramírez 0-0: Ball
1-0: Fly out, F6 (Line Drive, 6, EV 63.1 MPH)
Bottom of the 10th over - 0 runs, 1 hit, 0 errors, 2 left on base; Syracuse 4 - Pawnee 4
TOP OF THE 11TH
Syracuse Starks batting - Pitching for Pawnee ParksNRec : RHP Milton Mathews
Pitching: LHP Pedro Pérez
Now at C: Ken Pittman
Batting: RHB Akke Derksen 0-0: Called Strike
0-1: Swinging Strike
0-2: Ball
1-2: Strikes out swinging
Pinch Hitting: RHB Randy Contreras 0-0: Called Strike
0-1: Ball
1-1: Called Strike
1-2: Ball
2-2: Foul Ball, location: 2F
2-2: Strikes out swinging
Batting: RHB Enrico Sánchez 0-0: Ball
1-0: Swinging Strike
1-1: Foul Ball, location: 2F
1-2: Ball
2-2: Ground out 1-3 (Groundball, P, EV 88.1 MPH)
Top of the 11th over - 0 runs, 0 hits, 0 errors, 0 left on base; Syracuse 4 - Pawnee 4
BOTTOM OF THE 11TH
Pawnee ParksNRec batting - Pitching for Syracuse Starks : RHP Geunhye Kyoung
Pitching: RHP Greyfriars Bobby
Now at 1B: Randy Contreras
Batting: LHB Vance Corkum 0-0: Ball
1-0: Ball
2-0: Foul Ball, location: 2F
2-1: Foul Ball, location: 2F
2-2: Ball
3-2: Strikes out looking
Batting: RHB Josh Mawdesley 0-0: Foul Ball, location: 2F
0-1: Swinging Strike
0-2: Foul Ball, location: 2F
0-2: Ball
1-2: Foul Ball, location: 2F
1-2: Ground out U3 (Groundball, 3, EV 81.9 MPH)
Batting: RHB Bill Perkins 0-0: Ball
1-0: Swinging Strike
1-1: Ball
2-1: Swinging Strike
2-2: Strikes out looking
Bottom of the 11th over - 0 runs, 0 hits, 0 errors, 0 left on base; Syracuse 4 - Pawnee 4
TOP OF THE 12TH
Syracuse Starks batting - Pitching for Pawnee ParksNRec : LHP Pedro Pérez
Batting: RHB Lu Tsai 0-0: Called Strike
0-1: Swinging Strike
0-2: Strikes out swinging
Batting: SHB Soren Loen 0-0: Fly out, F7 (Line Drive, 7, EV 100.6 MPH)
Batting: RHB Graeme Dormer 0-0: Ball
1-0: Ball
2-0: Called Strike
2-1: Called Strike
2-2: Ground out 5-3 (Groundball, 5S, EV 75.6 MPH)
Top of the 12th over - 0 runs, 0 hits, 0 errors, 0 left on base; Syracuse 4 - Pawnee 4
BOTTOM OF THE 12TH
Pawnee ParksNRec batting - Pitching for Syracuse Starks : RHP Greyfriars Bobby
Batting: RHB Chip Mullaney 0-0: Ball
1-0: Ground out U3 (Groundball, 3, EV 81.9 MPH)
Batting: RHB Ken Pittman 0-0: Called Strike
0-1: Swinging Strike
0-2: Ball
1-2: Foul Ball, location: 2F
1-2: SINGLE (Line Drive, 9S, EV 110.6 MPH)
Batting: RHB Robin Colwill 0-0: Ball
1-0: Foul Ball, location: 2F
1-1: Grounds into double play, 1-6-3 (Groundball, 23, EV 80.6 MPH)
Bottom of the 12th over - 0 runs, 1 hit, 0 errors, 0 left on base; Syracuse 4 - Pawnee 4
TOP OF THE 13TH
Syracuse Starks batting - Pitching for Pawnee ParksNRec : LHP Pedro Pérez
Pitching: LHP Daniel Ryan
Batting: RHB Thom Beach 0-0: Ball
1-0: Ball
2-0: Called Strike
2-1: Ball
3-1: Ground out 5-3 (Groundball, 5, EV 91.9 MPH)
Batting: RHB Enrique Rocha 0-0: Ball
1-0: Foul Ball, location: 2F
1-1: Ball
2-1: SINGLE (Groundball, 25, EV 68.1 MPH) (infield hit)
Pinch Hitting: RHB Austin Case 0-0: Ball
1-0: Foul Ball, location: 2F
1-1: Ball
2-1: Foul Ball, location: 2F
2-2: Grounds into double play, 6-4-3 (Groundball, 6, EV 106.9 MPH)
Top of the 13th over - 0 runs, 1 hit, 0 errors, 0 left on base; Syracuse 4 - Pawnee 4
BOTTOM OF THE 13TH
Pawnee ParksNRec batting - Pitching for Syracuse Starks : RHP Greyfriars Bobby
Now at C: Austin Case
Batting: RHB Fletcher Megarity 0-0: Called Strike
0-1: Ball
1-1: Ground out 1-3 (Groundball, 23, EV 68.8 MPH)
Batting: LHB Silas Givens 0-0: Ball
1-0: Ball
2-0: Swinging Strike
2-1: Ball
3-1: Ground out 4-3 (Groundball, 4S, EV 86.2 MPH)
Batting: RHB Gilberto Ramírez 0-0: Called Strike
0-1: Ball
1-1: Foul Ball, location: 2F
1-2: Fly out, F9 (Flyball, 89M, EV 82.5 MPH)
Bottom of the 13th over - 0 runs, 0 hits, 0 errors, 0 left on base; Syracuse 4 - Pawnee 4
TOP OF THE 14TH
Syracuse Starks batting - Pitching for Pawnee ParksNRec : LHP Daniel Ryan
Batting: RHB Akke Derksen 0-0: Ball
1-0: Foul Ball, location: 2F
1-1: Called Strike
1-2: Foul Ball, location: 2F
1-2: Ball
2-2: Strikes out swinging, 2-3 out at first.
Batting: RHB Randy Contreras 0-0: Ball
1-0: Ball
2-0: Ball
3-0: Base on Balls
Batting: RHB Enrico Sánchez 0-0: Called Strike
0-1: Fly out, F8 (Line Drive, 8LD, EV 89.4 MPH)
Batting: RHB Lu Tsai 0-0: Swinging Strike
0-1: Ball
1-1: Foul Ball, location: 2F
1-2: Foul Ball, location: 2F
1-2: Foul Ball, location: 2F
1-2: Ball
2-2: Ball
3-2: Strikes out swinging
Top of the 14th over - 0 runs, 0 hits, 0 errors, 1 left on base; Syracuse 4 - Pawnee 4
BOTTOM OF THE 14TH
Pawnee ParksNRec batting - Pitching for Syracuse Starks : RHP Greyfriars Bobby
Batting: LHB Vance Corkum 0-0: Called Strike
0-1: Ball
1-1: Ball
2-1: Ball
3-1: Fly out, F2 (Popup, 25F, EV 85.0 MPH)
Batting: RHB Josh Mawdesley 0-0: Ground out 6-3 (Groundball, 6, EV 98.1 MPH)
Batting: RHB Bill Perkins 0-0: Foul Ball, location: 2F
0-1: Called Strike
0-2: Ball
1-2: Foul Ball, location: 2F
1-2: Foul Ball, location: 2F
1-2: Ball
2-2: Foul Ball, location: 2F
2-2: Ball
3-2: Ground out 6-3 (Groundball, 56D, EV 100.6 MPH)
Bottom of the 14th over - 0 runs, 0 hits, 0 errors, 0 left on base; Syracuse 4 - Pawnee 4
TOP OF THE 15TH
Syracuse Starks batting - Pitching for Pawnee ParksNRec : LHP Daniel Ryan
Batting: SHB Soren Loen 0-0: Ball
1-0: Ball
2-0: Fly out, F7 (Flyball, 7, EV 97.5 MPH)
Batting: RHB Graeme Dormer 0-0: Ball
1-0: Ball
2-0: SINGLE (Line Drive, 6MD, EV 95.6 MPH)
Pitching: LHP José Flores
Batting: RHB Thom Beach 0-0: Ball
1-0: Swinging Strike
1-1: Fly out, F8 (Line Drive, 8RD, EV 95.0 MPH)
Batting: RHB Enrique Rocha 0-0: Foul Ball, location: 2F
0-1: Ball
1-1: Foul Ball, location: 2F
1-2: Ball
2-2: Foul Ball, location: 2F
2-2: Strikes out swinging
Top of the 15th over - 0 runs, 1 hit, 0 errors, 1 left on base; Syracuse 4 - Pawnee 4
BOTTOM OF THE 15TH
Pawnee ParksNRec batting - Pitching for Syracuse Starks : RHP Greyfriars Bobby
Pitching: RHP Willie Dustice
Batting: RHB Chip Mullaney 0-0: SOLO HOME RUN (Flyball, 7D, EV 110.6 MPH), Distance : 381 ft
Friday, April 17th, 2020 - OOTP Baseball 20.8 Build 74